[Event "Titled Tuesday Blitz January 03 Early 2023"]
[White "Koutlas, Nikolaos"]
[Black "Beerdsen, Thomas"]
[WhiteFideId "25827138"]
[BlackFideId "1030108"]
[WhiteElo "2341"]
[BlackElo "2507"]
[Result "1-0"]
[Round "04"]
[TimeControl "180+2"]
[Date "2023.01.03"]
[WhiteClock "0:00:11"]
[BlackClock "0:00:05"]

1. a3 a5 2. e4 g6 3. Nf3 Bg7 4. d4 d5 5. exd5 Nf6 6. c4 O-O 7. Be2 e6 8. dxe6 Bxe6 9. O-O Re8 10. h3 c6 11. Nc3 Nbd7 12. Bg5 h6 13. Bh4 Nb6 14. b3 a4 15. Nxa4 Nxa4 16. bxa4 Qa5 17. Rb1 Ne4 18. Rxb7 Nc3 19. Qd2 Nxe2+ 20. Qxe2 Qxa4 21. Ne5 Qxa3 22. Nxc6 Kh7 23. Ne5 Qc3 24. Bg3 Qxd4 25. Rd1 Ra1 26. Rxa1 Qxa1+ 27. Kh2 Qa8 28. Qf3 Rf8 29. c5 Qd8 30. c6 Bd5 31. Qc3 Qc8 32. Rd7 Be6 33. Rd6 Re8 34. c7 Re7 35. Rc6 Bd5 36. Rc5 Ba8 37. Qc1 Qb7 38. Nf3 Qc8 39. Rb5 Bxf3 40. gxf3 Rxc7 41. Rc5 Qe6 42. Rxc7 h5 43. Rc6 Qf5 44. Rc3 Bxc3 45. Qxc3 Qg5 46. Qe5 Qd8 47. Qf4 Kg8 48. Qh4 Qa8 49. Qf4 Qc8 50. Qe4 Qd8 51. h4 Qc8 52. Qe5 Qd7 53. Qg5 Kh7 54. f4 Qe6 55. f5 gxf5 56. Qxh5+ Kg8 57. Qg5+ Kf8 58. h5 Qe4 59. Qf4 Qe2 60. h6 Qh5+ 61. Qh4 Qxh4+ 62. Bxh4 Kg8 63. Bg5 Kh7 64. Kg3 f6 65. Bd2 Kg6 66. f3 Kh7 67. Kh4 Kg6 68. Bf4 Kh7 69. Kh5 1-0


[Site "https://www.chess.com"]

[Event "Titled Tuesday Blitz January 03 Early 2023"]
[White "Mekhitarian, Krikor Sevag"]
[Black "Bodnaruk, Anastasia"]
[WhiteFideId "2107660"]
[BlackFideId "4181751"]
[WhiteElo "2537"]
[BlackElo "2350"]
[Result "0-1"]
[Round "04"]
[TimeControl "180+2"]
[Date "2023.01.03"]
[WhiteClock "0:00:03"]
[BlackClock "0:00:06"]

1. e4 c5 2. Nf3 d6 3. c3 Nf6 4. h3 Nbd7 5. Bd3 b6 6. O-O Bb7 7. Re1 e5 8. Bc2 Be7 9. d4 O-O 10. d5 c4 11. b3 Rc8 12. Nbd2 b5 13. bxc4 bxc4 14. Rb1 Ba6 15. Ba3 Nc5 16. Bxc5 Rxc5 17. Ba4 Nd7 18. Nh2 Nb6 19. Bc6 Bc8 20. Nhf1 Bd7 21. Bxd7 Qxd7 22. Ne3 g6 23. Rb4 Rfc8 24. Qe2 Bg5 25. Reb1 Na4 26. Rc1 a5 27. Rbb1 h5 28. Ndf1 Bh6 29. Qc2 R5c7 30. Rd1 Nc5 31. Nxc4 Na4 32. Nxa5 Nxc3 33. Nc6 Nxd1 34. Qxd1 Rb7 35. Rb3 Ra8 36. Qb1 Rxb3 37. Qxb3 Kh7 38. h4 Qc8 39. g3 Qa6 40. Kg2 Qa4 41. Qf3 Kg7 42. Ne3 Qxa2 43. Nb4 Qb1 44. Nc6 Ra4 45. Ne7 Qxe4 46. Qxe4 Rxe4 47. Kf3 Ra4 48. Nc8 Ra6 49. Nc4 f5 50. N8xd6 e4+ 51. Ke2 Ra2+ 52. Kf1 Kf6 53. Nb5 Bf8 54. d6 Ke6 55. Nc7+ Kd7 56. Nd5 Bxd6 57. Nxd6 Kxd6 58. Nf4 Ke5 59. Nxg6+ Kd4 60. Nf4 e3 61. fxe3+ Kxe3 62. Nxh5 Kf3 63. Kg1 Kg4 64. Ng7 Ra7 65. Ne6 Kxg3 66. Kf1 f4 67. h5 Ra1+ 68. Ke2 f3+ 0-1


[Site "https://www.chess.com"]

[Event "Titled Tuesday Blitz January 03 Early 2023"]
[White "Pakleza, Zbigniew"]
[Black "Aghasiyev, Kamal"]
[WhiteFideId "1119290"]
[BlackFideId "13402854"]
[WhiteElo "2494"]
[BlackElo "2441"]
[Result "1-0"]
[Round "04"]
[TimeControl "180+2"]
[Date "2023.01.03"]
[WhiteClock "0:00:24"]
[BlackClock "0:00:01"]

1. d4 d5 2. Bf4 Nf6 3. e3 c5 4. c3 Nc6 5. Nd2 e6 6. Ngf3 Bd6 7. Bg3 O-O 8. Bd3 b6 9. Ne5 Bb7 10. f4 Ne7 11. Qb1 b5 12. Bxb5 Qb6 13. Bd3 Ba6 14. Bxa6 Qxa6 15. Qd3 Qb7 16. Rb1 Nf5 17. Bf2 Ne4 18. g4 Nxf2 19. Kxf2 Bxe5 20. gxf5 Bf6 21. fxe6 fxe6 22. Nf3 Rab8 23. Kg2 Qc6 24. Rhc1 Qa4 25. dxc5 Qxa2 26. Qc2 a5 27. b4 Qc4 28. Nd4 e5 29. fxe5 Bxe5 30. Qe2 Qxe2+ 31. Nxe2 Rfc8 32. Nf4 Rc6 33. Nxd5 Rg6+ 34. Kf3 Rf8+ 35. Ke4 Re6 36. Kd3 Rd8 37. e4 axb4 38. cxb4 Rh6 39. b5 Rh3+ 40. Kc4 Rh4 41. Re1 Rxh2 42. b6 Rc2+ 43. Kb5 Rc8 44. Ne7+ Kf8 45. Nxc8 1-0


[Site "https://www.chess.com"]

[Event "Titled Tuesday Blitz January 03 Early 2023"]
[White "Preotu, Razvan"]
[Black "Mendez Fortes, Eduardo Jesus"]
[WhiteFideId "2613280"]
[BlackFideId "3502376"]
[WhiteElo "2475"]
[BlackElo "2250"]
[Result "1/2-1/2"]
[Round "04"]
[TimeControl "180+2"]
[Date "2023.01.03"]
[WhiteClock "0:00:09"]
[BlackClock "0:00:17"]

1. e4 e5 2. Nf3 Nc6 3. Bc4 Nf6 4. d3 Bc5 5. c3 d6 6. O-O O-O 7. Re1 Bb6 8. h3 Ne7 9. Nbd2 Ng6 10. a4 c6 11. Bb3 Bc7 12. d4 Re8 13. Bc2 b5 14. b4 Bd7 15. axb5 cxb5 16. Nb3 h6 17. Be3 a5 18. bxa5 Bxa5 19. Nxa5 Rxa5 20. dxe5 dxe5 21. Qd6 Re6 22. Qb4 Rxa1 23. Rxa1 Bc6 24. g3 Rd6 25. Bc5 Rd7 26. Kg2 Qc8 27. Ra7 Rxa7 28. Bxa7 Qb7 29. Be3 Nxe4 30. Kh2 Nxg3 31. Kxg3 Bxf3 32. Bxg6 fxg6 33. Qd6 Qd5 34. Qxg6 Be2 35. Kh2 Qf7 36. Qxf7+ Kxf7 37. h4 Ke6 38. Kg3 Kf5 39. Bc5 Bh5 40. Bf8 Kf6 41. Bc5 Be2 42. Bb4 h5 43. Bc5 g5 44. hxg5+ Kxg5 45. Be7+ Kf5 46. Bd8 Ke4 47. Bf6 Bg4 48. Bg7 Kf5 49. Bh8 Ke6 50. Bg7 Kd5 51. Bh8 Be2 52. Bg7 Ke6 53. Bh8 Kf5 54. Bg7 Bd3 55. Bh8 e4 56. Bd4 Kg5 57. Be3+ Kf5 58. Kh4 Be2 59. Bd4 Bf3 60. Be3 Ke6 61. Kg3 Kd5 62. Bg5 Kc4 63. Bf6 Kd3 64. Bg7 Ke2 65. Bd4 Kd2 66. Be5 Kd3 67. Bf6 Bd1 68. Bg7 Ke2 69. Bd4 Kd2 70. Be5 Kd3 71. Bf6 Kc4 72. Be5 Bg4 73. Bf6 Kd3 74. Be5 Kc4 75. Bf6 Kd5 76. Bg7 Ke6 77. Bh8 Kf5 78. Bd4 Kg5 79. Be3+ Kg6 80. Bd4 Kf5 81. Be3 Ke5 82. Bd4+ Kd5 83. Bg7 Kc4 84. Bh8 Kd3 85. Bf6 Kd2 86. Be5 Bf3 87. Bf6 Kd3 88. Be5 Ke2 89. Bd4 Kf1 90. Be3 Ke1 91. Bd4 Ke2 92. Be3 Bg4 93. Bd4 Kd3 94. Be5 Bd1 95. Bf6 Kd2 96. Be5 Be2 97. Bf6 Bg4 98. Be5 Ke2 99. Bd4 Ke1 100. Bc5 Kd2 101. Bd4 Ke2 102. Kg2 h4 103. Bc5 Kd3 104. Bb4 Kc4 105. Ba5 Bf5 106. Bb4 Kd3 107. Ba5 Ke2 108. Bb6 Kd3 109. Ba5 Bg4 110. Bb4 Kc4 111. Ba5 Kd3 112. Bb4 1/2-1/2


[Site "https://www.chess.com"]

[Event "Titled Tuesday Blitz January 03 Early 2023"]
[White "Hnydiuk, Aleksander"]
[Black "Begmuratov, Khumoyun"]
[WhiteFideId "1109057"]
[BlackFideId "14210207"]
[WhiteElo "2363"]
[BlackElo "2387"]
[Result "1-0"]
[Round "04"]
[TimeControl "180+2"]
[Date "2023.01.03"]
[WhiteClock "0:00:28"]
[BlackClock "0:00:00"]

1. e4 e5 2. Nf3 Nc6 3. d4 exd4 4. Nxd4 Bb4+ 5. c3 Bc5 6. Be3 Bb6 7. Nf5 Bxe3 8. Nxe3 Nf6 9. f3 O-O 10. c4 d6 11. Nc3 Be6 12. Qd2 a6 13. Be2 Nd7 14. O-O Qg5 15. Rad1 Qc5 16. Kh1 Rae8 17. a3 a5 18. Nb5 Nce5 19. Nd5 Bxd5 20. cxd5 Qb6 21. Qd4 Rc8 22. f4 Qxd4 23. Rxd4 Ng6 24. Bg4 Rcd8 25. Nxc7 Nf6 26. Bf5 Ne7 27. Bh3 Ng6 28. g3 Nd7 29. Nb5 Nb6 30. Rc1 Rfe8 31. Kg2 Ne7 32. Kf3 f5 33. Nc7 Rc8 34. Nxe8 Rxc1 35. Nxd6 fxe4+ 36. Kxe4 Re1+ 37. Kf3 Nexd5 38. Kf2 Re7 39. Bg2 Nf6 40. Bf3 g6 41. h3 Kg7 42. Nxb7 Rc7 43. Nxa5 Rc2+ 44. Ke3 Rxb2 45. Rb4 Rxb4 46. axb4 Nbd5+ 47. Kd4 1-0


[Site "https://www.chess.com"]

[Event "Titled Tuesday Blitz January 03 Early 2023"]
[White "Danielyan, Vahe"]
[Black "Starozhilov, Leonid"]
[WhiteFideId "13304828"]
[BlackFideId "14106752"]
[WhiteElo "2346"]
[BlackElo "2313"]
[Result "0-1"]
[Round "04"]
[TimeControl "180+2"]
[Date "2023.01.03"]
[WhiteClock "0:02:28"]
[BlackClock "0:01:58"]

1. d4 Nf6 2. c3 d5 3. Nf3 Bg4 4. Bf4 Bxf3 5. exf3 e6 6. Nd2 Bd6 7. Be3 Nbd7 8. Bd3 O-O 9. Qc2 e5 10. dxe5 Nxe5 11. Be2 Re8 12. O-O c6 13. Rad1 Qc7 14. g3 Ng6 15. c4 Bxg3 16. hxg3 Rxe3 17. Rfe1 Rae8 18. Nf1 R3e7 19. cxd5 Nxd5 20. a3 h5 21. f4 h4 0-1


[Site "https://www.chess.com"]

[Event "Titled Tuesday Blitz January 03 Early 2023"]
[White "Cardoso Cardoso, Jose Gabriel"]
[Black "Ronka, Erik"]
[WhiteFideId "4430492"]
[BlackFideId "505080"]
[WhiteElo "2492"]
[BlackElo "2276"]
[Result "1-0"]
[Round "04"]
[TimeControl "180+2"]
[Date "2023.01.03"]
[WhiteClock "0:00:08"]
[BlackClock "0:00:09"]

1. Nf3 f5 2. g3 d6 3. d4 e6 4. Bg2 Nf6 5. O-O Be7 6. a4 O-O 7. a5 a6 8. c4 Qe8 9. Nc3 Nbd7 10. Ng5 Bd8 11. d5 e5 12. Ne6 Rf7 13. Qc2 Nf8 14. Nxd8 Qxd8 15. b4 Ng6 16. e3 f4 17. exf4 exf4 18. Bd2 Ng4 19. Rae1 N4e5 20. Ne4 f3 21. Bh1 Bh3 22. Ng5 Bxf1 23. Nxf7 Kxf7 24. Rxf1 Qf6 25. Bc3 Qg5 26. Qe4 Kg8 27. Bxf3 Rf8 28. Bg2 Qh5 29. f4 Ng4 30. h3 Nf6 31. Qe6+ Kh8 32. Bf3 Qh6 33. Re1 Nxf4 34. gxf4 Qxf4 35. Qe2 h6 36. Bg2 Nh5 37. Rf1 Ng3 38. Qe7 Nxf1 39. Qxg7# 1-0


[Site "https://www.chess.com"]

[Event "Titled Tuesday Blitz January 03 Early 2023"]
[White "Ardelean, George-Catalin"]
[Black "Patrascu, Catalin-Lucian"]
[WhiteFideId "1207091"]
[BlackFideId "1229052"]
[WhiteElo "2470"]
[BlackElo "2279"]
[Result "1-0"]
[Round "04"]
[TimeControl "180+2"]
[Date "2023.01.03"]
[WhiteClock "0:01:52"]
[BlackClock "0:01:00"]

1. d4 Nf6 2. Bf4 e6 3. e3 b6 4. Qf3 Nc6 5. Nc3 Bb7 6. O-O-O Bb4 7. Nge2 d6 8. a3 Bxc3 9. Nxc3 Qd7 10. Bg5 Nd8 11. e4 Ng8 12. Qg3 f6 13. Be3 a6 14. Be2 Nc6 15. d5 exd5 16. Bg4 Qf7 17. Nxd5 Ne5 18. Be6 Bxd5 19. Bxd5 1-0


[Site "https://www.chess.com"]

[Event "Titled Tuesday Blitz January 03 Early 2023"]
[White "Slade, Theodore"]
[Black "Nouri, Alekhine"]
[WhiteFideId "426547"]
[BlackFideId "5216184"]
[WhiteElo "1995"]
[BlackElo "2257"]
[Result "0-1"]
[Round "04"]
[TimeControl "180+2"]
[Date "2023.01.03"]
[WhiteClock "0:00:01"]
[BlackClock "0:00:09"]

1. d4 Nf6 2. c4 c5 3. d5 b5 4. cxb5 a6 5. e3 e6 6. dxe6 fxe6 7. Nc3 d5 8. Nf3 Bd6 9. Bd3 O-O 10. e4 c4 11. Bc2 Bb4 12. e5 Nh5 13. Bxh7+ Kxh7 14. Ng5+ Kg6 15. Qg4 Qc7 16. Nxe6+ Kf7 17. Qf5+ Nf6 18. Nxc7 Bxf5 19. Nxa8 Ne4 20. Bd2 Nxd2 21. Kxd2 d4 22. Nc7 dxc3+ 23. bxc3 Rd8+ 24. Ke2 Bxc3 25. Rad1 Bd3+ 26. Ke3 Bxe5 27. Nxa6 Bd4+ 28. Kf3 Nd7 29. Nb4 Ne5+ 30. Kg3 Ke6 31. Nxd3 Nxd3 32. Rd2 Kd5 33. a4 Kc5 34. Rhd1 Bc3 35. Rc2 Be5+ 36. Kh3 Nf4+ 37. Kg4 Rxd1 38. g3 Nd3 39. Re2 c3 40. f4 Bd4 41. Re8 Rd2 42. h4 c2 43. Rc8+ Kb4 44. h5 Bc5 0-1


[Site "https://www.chess.com"]

[Event "Titled Tuesday Blitz January 03 Early 2023"]
[White "Rakhmatullaev, Almas"]
[Black "Iljin, Timofey"]
[WhiteFideId "14205793"]
[BlackFideId "14110180"]
[WhiteElo "2275"]
[BlackElo "2329"]
[Result "1/2-1/2"]
[Round "04"]
[TimeControl "180+2"]
[Date "2023.01.03"]
[WhiteClock "0:00:12"]
[BlackClock "0:00:11"]

1. e4 e5 2. Nf3 Nc6 3. Bb5 a6 4. Ba4 Nf6 5. O-O b5 6. Bb3 Bc5 7. a4 Bb7 8. c3 d6 9. d4 Bb6 10. axb5 axb5 11. Rxa8 Bxa8 12. Na3 O-O 13. Bg5 h6 14. Bxf6 Qxf6 15. Nxb5 exd4 16. cxd4 g5 17. h3 Na5 18. Bc2 Re8 19. Nc3 Nc4 20. b3 Na3 21. Nd5 Bxd5 22. exd5 Nxc2 23. Qxc2 Qg6 24. Qc6 Re4 25. Ra1 Qf6 26. Ra8+ Kg7 27. Re8 Rxe8 28. Qxe8 Bxd4 29. Qe2 Bb6 30. Qc2 Qg6 31. Qc3+ Qf6 32. Qc2 Qg6 33. Qxg6+ Kxg6 34. g4 Kf6 35. Kf1 Ke7 36. Ke2 Kd7 37. h4 f6 38. hxg5 hxg5 39. Nd2 c6 40. dxc6+ Kxc6 41. Ne4 Bd4 42. Kd3 Kd5 43. b4 Be5 44. b5 Ke6 45. b6 Kd7 46. b7 Kc7 47. Kc4 Kxb7 48. Kd5 Kc7 49. Ke6 Kc6 50. Nxf6 Bxf6 51. Kxf6 d5 52. Kxg5 Kc5 53. f4 d4 54. f5 d3 55. f6 d2 56. f7 d1=Q 57. f8=Q+ Kc6 58. Qf6+ Kd7 59. Qf5+ Ke8 60. Qe6+ Kf8 61. Qc8+ Kg7 62. Qc7+ Kg8 63. Qc4+ Kg7 64. Qc3+ Kg8 65. Qe5 Qd2+ 66. Kg6 Qd3+ 67. Qf5 Qd6+ 68. Kh5 Qh2+ 69. Kg5 Qd2+ 70. Kg6 Qd6+ 71. Qf6 Qd3+ 72. Kg5 Qd5+ 73. Qf5 Qd2+ 74. Kf6 Qd6+ 75. Qe6+ Qxe6+ 76. Kxe6 Kg7 77. Kf5 Kf7 78. Kg5 Kg7 79. Kh5 Kh7 80. Kh4 Kg6 81. Kg3 Kg5 82. Kf3 Kg6 83. Kf4 Kf6 84. g5+ Kg6 85. Kg4 Kg7 86. Kf5 Kf7 87. g6+ Kg7 88. Kg5 Kg8 89. Kf6 Kf8 90. g7+ Kg8 91. Kg6 1/2-1/2


[Site "https://www.chess.com"]

[Event "Titled Tuesday Blitz January 03 Early 2023"]
[White "Lavrik, Dmitry"]
[Black "Borrmann, Laurenz"]
[WhiteFideId "24113190"]
[BlackFideId "312187930"]
[WhiteElo "2414"]
[BlackElo "2304"]
[Result "1-0"]
[Round "04"]
[TimeControl "180+2"]
[Date "2023.01.03"]
[WhiteClock "0:01:00"]
[BlackClock "0:00:05"]

1. e4 e5 2. Nf3 Nc6 3. Bc4 Nf6 4. Ng5 d5 5. exd5 Na5 6. Bb5+ c6 7. dxc6 bxc6 8. Bd3 Nd5 9. Nf3 Bd6 10. O-O O-O 11. Re1 f5 12. c4 Nf4 13. Bf1 e4 14. d4 exf3 15. Qxf3 Ne6 16. c5 Nxd4 17. Qc3 Bc7 18. b4 Nb7 19. Bb2 Qh4 20. g3 Nf3+ 21. Qxf3 Qxb4 22. Qb3+ Qxb3 23. axb3 Nxc5 24. Bc4+ Kh8 25. Re7 Ne6 26. Bxe6 Bxe6 27. Rxc7 Rfd8 28. Bxg7+ Kg8 29. Nc3 Rd7 30. Rxd7 Bxd7 31. Bd4 a6 32. Na4 Rd8 33. Nc5 Be8 34. Be3 1-0


[Site "https://www.chess.com"]

[Event "Titled Tuesday Blitz January 03 Early 2023"]
[White "Aradhya, Garg"]
[Black "Bilan, Danila"]
[WhiteFideId "25006746"]
[BlackFideId "24161918"]
[WhiteElo "2284"]
[BlackElo "2303"]
[Result "1/2-1/2"]
[Round "04"]
[TimeControl "180+2"]
[Date "2023.01.03"]
[WhiteClock "0:00:04"]
[BlackClock "0:00:08"]

1. d4 d5 2. c4 c6 3. Nf3 Nf6 4. Nc3 e6 5. e3 Nbd7 6. Qc2 Bd6 7. Be2 O-O 8. O-O dxc4 9. e4 e5 10. Rd1 exd4 11. Nxd4 Qc7 12. g3 a6 13. Nf5 Bc5 14. Bf4 Ne5 15. Na4 Ba7 16. Nd6 Ng6 17. Bg5 Ng4 18. Nxc8 Qxc8 19. Rf1 b5 20. Nc3 h6 21. Bd2 N4e5 22. Kg2 Rd8 23. Rad1 Nd3 24. Bc1 Nb4 25. Qb1 Qe6 26. a3 Nd3 27. Bxd3 cxd3 28. Rxd3 Rxd3 29. Qxd3 Ne5 30. Qe2 Rd8 31. Rd1 Rxd1 32. Nxd1 Nc4 33. f3 Qd6 34. Nf2 Qd4 35. b3 Ne5 36. Bb2 Qxf2+ 37. Qxf2 Bxf2 38. Bxe5 Bc5 39. a4 f6 40. Bc3 Kf7 41. Kf1 Ke6 42. Ke2 g6 43. Bd2 Bg1 44. Kd3 h5 45. h3 Bh2 46. g4 hxg4 47. hxg4 Be5 48. f4 Bc7 49. f5+ gxf5 50. gxf5+ Ke7 51. Bb4+ Bd6 52. Bc3 c5 53. axb5 axb5 54. Ke3 Kd7 55. Kf3 Ke7 56. Kg4 Kf7 57. Kh5 c4 58. bxc4 bxc4 59. Kg4 Ke7 60. Kh5 Kf7 61. Kg4 Bc7 62. Kf3 Bd6 63. Ke3 Bc5+ 64. Bd4 Bb4 65. Ke2 Ke7 66. Kd1 Kf7 67. Kc2 Ba5 68. Bc3 Bb6 69. Bb4 Bd4 70. Ba3 Be5 71. Bb2 Bg3 72. Kc3 Be5+ 73. Kc2 Bg3 74. Bd4 Bh2 75. Kc3 Bc7 76. Kxc4 Ba5 77. Kd5 Be1 78. Bc5 Bg3 79. Bd6 Bf2 80. e5 fxe5 81. Bxe5 Bh4 82. Ke4 Be1 83. Bf4 Ba5 84. Be3 Bd8 85. Bd4 Bg5 86. Be5 Bh4 87. Bf4 Bd8 88. Be5 Bh4 89. f6 Bxf6 1/2-1/2


[Site "https://www.chess.com"]

[Event "Titled Tuesday Blitz January 03 Early 2023"]
[White "Concio, Michael Jr."]
[Black "Winterberg, Lukas"]
[WhiteFideId "5217873"]
[BlackFideId "24622702"]
[WhiteElo "2395"]
[BlackElo "2402"]
[Result "1-0"]
[Round "04"]
[TimeControl "180+2"]
[Date "2023.01.03"]
[WhiteClock "0:01:51"]
[BlackClock "0:01:53"]

1. e4 e6 2. d4 d5 3. exd5 exd5 4. Bd3 Nf6 5. Ne2 c5 6. c3 Nc6 7. O-O Be7 8. Bf4 O-O 9. Nd2 Re8 10. h3 cxd4 11. Nxd4 Nxd4 12. cxd4 Be6 13. Nf3 Rc8 14. Qa4 a6 15. Rac1 Qd7 16. Qb3 Rxc1 17. Rxc1 Rc8 18. Re1 b5 19. Ne5 Qb7 20. a4 b4 21. f3 h6 22. Qd1 Nd7 23. Nxd7 Qxd7 24. Bxa6 Rd8 25. Bb5 Qa7 26. Qd2 Bf6 27. Be5 Be7 28. Rc1 Bd7 29. Rc7 1-0


[Site "https://www.chess.com"]

[Event "Titled Tuesday Blitz January 03 Early 2023"]
[White "Vaibhav, Suri"]
[Black "Girsh, Daniel"]
[WhiteFideId "5045185"]
[BlackFideId "30949190"]
[WhiteElo "2595"]
[BlackElo "2123"]
[Result "1-0"]
[Round "04"]
[TimeControl "180+2"]
[Date "2023.01.03"]
[WhiteClock "0:00:18"]
[BlackClock "0:00:05"]

1. Nf3 d5 2. e3 Nf6 3. c4 e6 4. b3 b6 5. Bb2 Bb7 6. Qc2 Nbd7 7. Be2 Bd6 8. cxd5 exd5 9. Nd4 O-O 10. Nf5 Ne5 11. O-O Re8 12. Nxd6 Qxd6 13. d4 Neg4 14. g3 h5 15. Nc3 h4 16. Nb5 Qe7 17. Qxc7 hxg3 18. hxg3 Qe4 19. Nd6 Qh7 20. Qxf7+ Kh8 21. Kg2 Qh2+ 22. Kf3 Nh7 23. Kxg4 Rf8 24. Rh1 Qg2 25. Rxh7+ Kxh7 26. Bd3+ Qe4+ 27. Bxe4+ dxe4 28. Rh1# 1-0


[Site "https://www.chess.com"]

[Event "Titled Tuesday Blitz January 03 Early 2023"]
[White "Reprintsev, Alexander"]
[Black "Matinian, Nikita"]
[WhiteFideId "14100541"]
[BlackFideId "24129100"]
[WhiteElo "2253"]
[BlackElo "2407"]
[Result "1-0"]
[Round "04"]
[TimeControl "180+2"]
[Date "2023.01.03"]
[WhiteClock "0:00:10"]
[BlackClock "0:00:29"]

1. e4 d6 2. d4 g6 3. Nc3 a6 4. h4 h6 5. f4 Nf6 6. h5 Nxh5 7. Rxh5 gxh5 8. Qxh5 Nc6 9. Bc4 e6 10. d5 Nd4 11. Nf3 Nxf3+ 12. gxf3 Qf6 13. Be3 e5 14. O-O-O Bd7 15. Rh1 exf4 16. Bf2 O-O-O 17. Bh4 Qg6 18. Bxd8 Qxh5 19. Rxh5 Kxd8 20. Ne2 Be7 21. Kd1 Bg5 22. Nd4 Ke7 23. Bf1 Kf6 24. c3 c5 25. dxc6 bxc6 26. Rh2 d5 27. exd5 cxd5 28. Nb3 h5 29. Bxa6 h4 30. Bf1 h3 31. Nc5 Bc8 32. b4 Bh4 33. Bxh3 Bg3 34. Bxc8 Bxh2 35. Bb7 Bg1 36. Nd3 Be3 37. Kc2 Ke6 38. Kb3 Rh3 39. c4 d4 40. Bc8+ Kd6 41. Bxh3 f6 42. a4 1-0


[Site "https://www.chess.com"]

[Event "Titled Tuesday Blitz January 03 Early 2023"]
[White "Bashirli, Nail"]
[Black "Baches Garcia, Guillermo"]
[WhiteFideId "13406809"]
[BlackFideId "2209764"]
[WhiteElo "2326"]
[BlackElo "2327"]
[Result "1-0"]
[Round "04"]
[TimeControl "180+2"]
[Date "2023.01.03"]
[WhiteClock "0:00:26"]
[BlackClock "0:00:07"]

1. e4 c5 2. Nc3 g6 3. f4 Bg7 4. Nf3 d6 5. Bc4 Nc6 6. O-O e6 7. d3 Nge7 8. a3 O-O 9. Qe1 Nd4 10. Nxd4 cxd4 11. Ne2 d5 12. exd5 Nxd5 13. Ng3 Ne3 14. Bxe3 dxe3 15. c3 b5 16. Bxb5 Rb8 17. Bc4 Rxb2 18. Qxe3 Bxc3 19. Kh1 Bb7 20. Ne4 f5 21. Nf2 Bd4 22. Qxe6+ Kh8 23. Rab1 Rxb1 24. Rxb1 Qa8 25. Qd6 Bxg2+ 26. Kg1 Rd8 27. Qe7 Bh3 28. Rb7 1-0


[Site "https://www.chess.com"]

[Event "Titled Tuesday Blitz January 03 Early 2023"]
[White "Al-Tarboush, Ward"]
[Black "Skvortsov, Andrei"]
[WhiteFideId "7601450"]
[BlackFideId "24108600"]
[WhiteElo "2256"]
[BlackElo "2313"]
[Result "1-0"]
[Round "04"]
[TimeControl "180+2"]
[Date "2023.01.03"]
[WhiteClock "0:00:42"]
[BlackClock "0:00:02"]

1. e4 d5 2. exd5 Qxd5 3. Nc3 Qe5+ 4. Be2 Bg4 5. d4 Bxe2 6. Ngxe2 Qa5 7. Bf4 e6 8. O-O Nf6 9. a4 Bd6 10. Nb5 Bxf4 11. Nxf4 a6 12. b4 Qb6 13. Na3 Qxb4 14. Qd3 Qd6 15. g3 O-O 16. Nc4 Qd8 17. Rab1 b6 18. a5 b5 19. Ne5 Qd6 20. c4 Nbd7 21. Nxd7 Qxd7 22. cxb5 axb5 23. Rxb5 Ra7 24. Rfb1 g6 25. h4 Rfa8 26. Qc3 Ne4 27. Qa1 Nd2 28. Rb8+ Kg7 29. d5+ e5 30. Qxe5+ f6 31. Ne6+ Kf7 32. Nd8+ Kg7 33. Ne6+ Kf7 34. Nd8+ Kg7 35. Qe6 Qxe6 36. Nxe6+ Kf7 37. Rxa8 Rxa8 38. Rb7 Rxa5 39. Rxc7+ Ke8 40. d6 Nf3+ 41. Kg2 Ne1+ 42. Kh3 1-0


[Site "https://www.chess.com"]

[Event "Titled Tuesday Blitz January 03 Early 2023"]
[White "Gheorghiu, Calin"]
[Black "Subelj, Jan"]
[WhiteFideId "1200305"]
[BlackFideId "14618583"]
[WhiteElo "2313"]
[BlackElo "2513"]
[Result "0-1"]
[Round "04"]
[TimeControl "180+2"]
[Date "2023.01.03"]
[WhiteClock "0:00:02"]
[BlackClock "0:01:09"]

1. e4 b6 2. d4 Bb7 3. Bd3 e6 4. Qe2 c5 5. c3 cxd4 6. cxd4 Nc6 7. Nf3 Nb4 8. Bb5 a6 9. Ba4 b5 10. Bb3 d5 11. e5 Rc8 12. O-O Nc6 13. Nc3 Qb6 14. Be3 Nh6 15. Bc2 Ng4 16. Rac1 Be7 17. a3 Na5 18. h3 Nxe3 19. fxe3 Nc4 20. Bd3 O-O 21. Nh2 Bg5 22. Rf3 Nxe3 23. Rxe3 Qxd4 24. Ng4 Bxe3+ 25. Nxe3 Qxe5 26. Qf2 d4 27. Ng4 Qg5 28. Re1 dxc3 29. Re5 c2 30. Bxc2 Qc1+ 31. Kh2 Rxc2 32. Qh4 Rxg2# 0-1


[Site "https://www.chess.com"]

[Event "Titled Tuesday Blitz January 03 Early 2023"]
[White "Antonica, Dragos-Andrei"]
[Black "Khamdamova, Afruza"]
[WhiteFideId "1246372"]
[BlackFideId "14210444"]
[WhiteElo "2373"]
[BlackElo "2162"]
[Result "0-1"]
[Round "04"]
[TimeControl "180+2"]
[Date "2023.01.03"]
[WhiteClock "0:00:24"]
[BlackClock "0:00:17"]

1. d4 Nf6 2. c4 e6 3. Nf3 d5 4. Nc3 Be7 5. Bf4 O-O 6. e3 Nbd7 7. c5 c6 8. Bd3 b6 9. b4 a5 10. a3 Nh5 11. O-O Nxf4 12. exf4 Nf6 13. Ne5 Bb7 14. b5 bxc5 15. bxc6 Ba6 16. Bxa6 Rxa6 17. dxc5 Bxc5 18. Nb5 Ne4 19. Qc2 f6 20. Nd3 Rxc6 21. Nd4 Rc8 22. Nxe6 Bxf2+ 23. Nxf2 Rxc2 24. Nxd8 Rxd8 25. Ng4 Rb8 26. Ne3 Re2 27. Rfe1 Rxe1+ 28. Rxe1 d4 29. Nc4 f5 30. Nxa5 d3 31. Rd1 d2 32. Nc4 Rc8 33. Nxd2 Rd8 34. Ra1 Rxd2 35. a4 Rd6 36. a5 Ra6 37. Kf1 g6 38. Ke2 Nc5 39. Ra3 Nb7 40. Rb3 Nxa5 41. Ra3 Ra7 42. Kf3 Nc6 43. Rc3 Nd4+ 44. Ke3 Ne6 45. Rc8+ Kf7 46. g3 Ra3+ 47. Kf2 Ra2+ 48. Kf3 Rxh2 49. Rb8 h5 50. Rb7+ Kf6 51. Rb6 h4 52. g4 Rh3+ 53. Kg2 fxg4 54. Rb4 Rg3+ 55. Kh2 Rf3 56. f5 gxf5 0-1


[Site "https://www.chess.com"]

[Event "Titled Tuesday Blitz January 03 Early 2023"]
[White "Mikhalsky, Vladimir"]
[Black "Rozman, Levy"]
[WhiteFideId "14144352"]
[BlackFideId "2039877"]
[WhiteElo "2219"]
[BlackElo "2322"]
[Result "0-1"]
[Round "04"]
[TimeControl "180+2"]
[Date "2023.01.03"]
[WhiteClock "0:00:01"]
[BlackClock "0:00:03"]

1. c4 g6 2. d4 Bg7 3. e4 Nc6 4. Be3 e5 5. d5 Nd4 6. Ne2 c5 7. dxc6 dxc6 8. Nbc3 Ne7 9. Qd2 Be6 10. O-O-O c5 11. Nd5 O-O 12. Bh6 b5 13. h4 f6 14. h5 g5 15. Bxg7 Kxg7 16. h6+ Kh8 17. g3 bxc4 18. Nxe7 Qxe7 19. f4 Rfd8 20. Qe3 Rab8 21. Nc3 Bg4 22. Rd2 Bf3 23. Rhh2 exf4 24. gxf4 g4 25. Bxc4 g3 26. Rh3 g2 27. Rxf3 g1=Q+ 28. Qxg1 Nxf3 29. Rxd8+ Rxd8 30. Qg2 Nh4 31. Qg4 f5 32. exf5 Qf6 33. Kc2 Qxf5+ 34. Qxf5 Nxf5 35. Kb3 Nxh6 36. Ne4 Nf5 37. Nxc5 h5 38. Ne6 Rb8+ 39. Kc3 h4 40. Ng5 Rc8 41. b3 Kg7 42. Kd3 Kh6 43. Be6 Rd8+ 44. Ke4 Nd6+ 45. Kf3 Kg6 46. Kg4 Rh8 47. f5+ Kf6 48. Nh3 Rb8 49. Kxh4 Nxf5+ 50. Bxf5 Kxf5 51. Kg3 Ke4 52. Ng5+ Kd4 53. Ne6+ Kc3 54. Nc7 Kb2 55. Na6 Rf8 0-1


[Site "https://www.chess.com"]

[Event "Titled Tuesday Blitz January 03 Early 2023"]
[White "Mustafayev, Farid"]
[Black "Vysochin, Spartak"]
[WhiteFideId "13408771"]
[BlackFideId "14103516"]
[WhiteElo "2316"]
[BlackElo "2512"]
[Result "0-1"]
[Round "04"]
[TimeControl "180+2"]
[Date "2023.01.03"]
[WhiteClock "0:00:22"]
[BlackClock "0:00:16"]

1. d4 d5 2. c4 c6 3. Nf3 Nf6 4. e3 Bf5 5. Nbd2 e6 6. Nh4 Be4 7. f3 Bg6 8. Nxg6 hxg6 9. Bd3 Bd6 10. f4 c5 11. cxd5 Nxd5 12. Bb5+ Nc6 13. Bxc6+ bxc6 14. Nc4 cxd4 15. Qxd4 O-O 16. O-O Be7 17. Ne5 Bf6 18. b3 Qb6 19. Re1 Nb4 20. Ba3 c5 21. Qe4 Bxe5 22. fxe5 Rad8 23. Rad1 Nxa2 24. Rxd8 Rxd8 25. Rf1 Nb4 26. Qf3 Qc7 27. Bxb4 cxb4 28. h3 a5 29. Qf4 Rd5 30. e4 Rxe5 31. Rc1 Qb6+ 32. Kh1 Rc5 33. Rd1 Qc7 34. Qf2 Rc1 35. Rxc1 Qxc1+ 36. Kh2 Qc7+ 37. Kh1 e5 38. h4 Qc1+ 39. Kh2 Qf4+ 40. Qxf4 exf4 41. g3 a4 42. bxa4 b3 43. a5 b2 44. a6 b1=Q 45. a7 Qa2+ 0-1


[Site "https://www.chess.com"]